 Dungeon Crawl Stone Soup version 0.31.0-11-ge490571c62 (webtiles) character file.

Game seed: 15349899949016010924

324 hikkokomori the Conjurer (level 6, -6/34 HPs)
             Began as a Deep Elf Conjurer on Feb 3, 2024.
             Mangled by Natasha (8 damage)
             ... on level 3 of the Dungeon.
             The game lasted 00:04:40 (2997 turns).

hikkokomori the Conjurer (Deep Elf Conjurer)        Turns: 2997, Time: 00:04:41

Health: -6/34      AC:  3    Str:  4    XL:     6   Next: 23%
Magic:  9/15       EV: 12    Int: 23    God:
Gold:   110        SH:  0    Dex: 15    Spells: 3/15 levels left

rFire   . . .        h - +0 arbalest
rCold   . . .        (shield currently unavailable)
rNeg    . . .        a - +0 robe
rPois   .            (no helmet)
rElec   .            l - +0 cloak
rCorr   .            (no gloves)
SInv    .            (no boots)
Will    .....        (no amulet)
Stlth   ++           (no ring)
HPRegen 0.25/turn    (no ring)
MPRegen 0.14/turn

%: no passive effects
@: slowed, very slow
A: no striking features
a: no special abilities


You were on level 3 of the Dungeon.
You visited 1 branch of the dungeon, and saw 3 of its levels.

You collected 110 gold pieces.

Inventory:

Hand Weapons
 c - a +0 hand axe
 h - a +0 arbalest (weapon)
Missiles
 k - a dart of dispersal
 o - 3 throwing nets
Armour
 a - a +0 robe (worn)
 l - a +0 cloak (worn)
 r - the +6 scale mail of Xiudgheis {Int+3}
   (You found it on level 3 of the Dungeon)

   Int+3:     It affects your intelligence (+3).
Jewellery
 j - an amulet of guardian spirit
Wands
 s - a wand of flame (9)
Scrolls
 d - a scroll of revelation {unknown}
 e - 3 scrolls of blinking {unknown}
 i - 2 scrolls of identify {unknown}
 q - a scroll of torment {unknown}
 u - a scroll of silence {unknown}
 v - a scroll of enchant armour {unknown}
Potions
 b - a potion of magic
 f - 2 potions of curing {unknown}
 g - a potion of mutation {unknown}
 m - 2 potions of resistance {unknown}
 n - a potion of haste {unknown}
 p - 2 potions of berserk rage {unknown}
 t - a potion of lignification {unknown}


   Skills:
 + Level 1.3 Fighting
 + Level 3.7 Ranged Weapons
 - Level 2.4 Dodging
 - Level 2.4 Stealth
 - Level 5.1 Spellcasting
 - Level 5.6 Conjurations
 + Level 2.1 Earth Magic
 + Level 0.9 Alchemy


You had 3 spell levels left.
You knew the following spells:

 Your Spells              Type           Power      Damage    Failure   Level
a - Magic Dart            Conj           100%       1d8       1%          1
b - Stone Arrow           Conj/Erth      46%        3d9       5%          3
c - Brom's Barrelling Bo  Conj/Erth      23%        2d4       19%         4
d - Olgreb's Toxic Radia  Alch           10%        N/A       54%         4

Your spell library contained the following spells:

 Spells                   Type           Power      Damage    Failure   Level
 Searing Ray              Conj           62%        2d6       1%          2
 Sting                    Conj/Alch      84%        1d8       2%          1
 Sandblast                Erth           30%        2d9       3%          1
 Mercury Vapours          Alch/Air       16%        N/A       12%         2
 Passwall                 Erth           15%        N/A       12%         3
 Fulminant Prism          Conj/Alch      10%        3d9       24%         4
 Iskenderun's Mystic Bla  Conj/Tloc      18%        2d6       28%         4


Dungeon Overview and Level Annotations

Branches:
Dungeon (3/15)

Altars:

Shops:
D:2 (

Annotations:
D:3 2 transporters, Natasha


Message History

Natasha hisses.
Natasha barely misses you. The cerulean imp barely misses you.
You shoot a bolt. The bolt closely misses Natasha.
Natasha claws you but does no damage. The cerulean imp barely misses you.
The cerulean imp hits you from afar with a +0 spear.
Natasha casts a spell at you.
You feel yourself slow down.
You shoot a bolt.
The bolt hits Natasha but does no damage.
Natasha is severely wounded.
Natasha claws you!
The cerulean imp hits you from afar with a +0 spear.
The cerulean imp barely misses you. Natasha casts a spell at you.
The magic dart hits you!
* * * LOW HITPOINT WARNING * * *
Natasha claws you.
* * * LOW HITPOINT WARNING * * *
The cerulean imp hits you but does no damage.
Unknown command.
Casting: Magic Dart (safe; 1% risk of failure)
Confirm with . or Enter, or press ? or * to list all spells.
Aiming: Stone Arrow (dangerous; 5% risk of failure)
Press: ? - help, Shift-Dir - straight line, f/p - Natasha
Aim: Natasha (severely wounded, 64% to hit)
The stone arrow misses Natasha.
Natasha claws you but does no damage. The cerulean imp misses you.
Unknown command.
Unknown command.
Casting: Stone Arrow (dangerous; 5% risk of failure)
Confirm with . or Enter, or press ? or * to list all spells.
Aiming: Stone Arrow (dangerous; 5% risk of failure)
Press: ? - help, Shift-Dir - straight line, f/p - Natasha
Aim: Natasha (severely wounded, 64% to hit)
The stone arrow misses Natasha.
Natasha claws you!
* * * LOW HITPOINT WARNING * * *
The cerulean imp hits you but does no damage.
Natasha claws you!
You die...
Natasha begins licking her fur clean.

#..# #.####### #..#
##.#8.©.8# #..#
#..#P.).P# #..#
#..###+### ##.#
#..#~~~~~# ###.#
############..#~~~~~#
....#
#$.........<..#~~~~~#
##..#
#...########..#~~⌠~~#
#..#
###.>h@.........#~P~~~#
#..#
.........#######.#S...~#
...#
........5........#S...~#
#..#.
~..?.....######..###+###
#.###. ⌠..#...###
#..#P./.P# .# # .~ #...
#..#8.©.8# # . .(...
#..####### ......
#.....©... ####.
#.###...#.


You could see Natasha and a cerulean imp (summoned).

Vanquished Creatures
  A phantom (D:3)
  Jessica (D:3)
  Ijyb (D:3)
  Terence (D:3)
  Natasha (D:3)
  An orc wizard (D:3)
  4 gnolls (D:2)
  An adder (D:2)
  A dart slug (D:1)
  2 ribbon worms
  3 orcs (D:3)
  5 bats
  7 endoplasms
  2 giant cockroaches (D:1)
  3 hobgoblins
  8 jackals
  2 quokkas
  9 ball pythons
  5 frilled lizards
  7 goblins
  5 kobolds
  4 rats
74 creatures vanquished.

Notes
Turn   | Place    | Note
-------+----------+-------------------------------------------
     0 | D:1      | hikkokomori the Deep Elf Conjurer began the quest for the
                  | Orb.
     0 | D:1      | Reached XP level 1. HP: 10/10 MP: 6/6
   332 | D:1      | Reached XP level 2. HP: 16/16 MP: 6/8
   563 | D:1      | Reached skill level 1 in Fighting
   746 | D:1      | Reached XP level 3. HP: 20/20 MP: 8/10
   751 | D:1      | Reached skill level 1 in Ranged Weapons
  1417 | D:2      | Found Tifrepew's Antique Weapon Shop.
  1653 | D:2      | Reached skill level 5 in Conjurations
  1657 | D:2      | Reached XP level 4. HP: 24/25 MP: 12/12
  1836 | D:2      | Learned a level 3 spell: Stone Arrow
  1841 | D:2      | Learned a level 4 spell: Brom's Barrelling Boulder
  2227 | D:3      | Identified the +6 scale mail of Xiudgheis {Int+3}
  2310 | D:3      | Noticed a phantom
  2312 | D:3      | Killed a phantom
  2313 | D:3      | Reached skill level 1 in Earth Magic
  2313 | D:3      | Reached XP level 5. HP: 29/29 MP: 14/14
  2546 | D:3      | Reached skill level 5 in Spellcasting
  2589 | D:3      | Noticed Ijyb
  2590 | D:3      | Noticed Terence
  2605 | D:3      | Killed Ijyb
  2672 | D:3      | Learned a level 4 spell: Olgreb's Toxic Radiance
  2681 | D:3      | Noticed Natasha
  2685 | D:3      | Killed Natasha
  2686 | D:3      | Reached XP level 6. HP: 26/34 MP: 11/15
  2799 | D:3      | Noticed Jessica
  2801 | D:3      | Killed Jessica
  2806 | D:3      | Found a transporter.
  2825 | D:3      | Killed Terence
  2909 | D:3      | Found a transporter.
  2987 | D:3      | Noticed Natasha
  2997 | D:3      | Mangled by Natasha

Illustrated notes

Levels and vault maps discovered:
D:1:      dpeg_arrival_oval, layout_loops_ring, minmay_box_of_dots
D:2:      layout_basic, serial_shops, shop
D:3:      gammafunk_steamed_eel, layout_loops_ring, corexii_leaking_fountain,
          grunt_decor_mini_mirrors, st_stairs_3, chequers_serial_rivers_large_b,
          uniq_ijyb, uniq_natasha, uniq_jessica, uniq_terence

Skill      XL: |  1  2  3  4  5  6 |
---------------+-------------------+-----
Fighting       | 1 |  1.3
Ranged Weapons | 1 3 |  3.7
Spellcasting   | 4 5 |  5.1
Conjurations   | 5 |  5.6
Earth Magic    | 1 2 |  2.1
Dodging        | |  2.4
Stealth        | |  2.4
Alchemy        | |  0.9

Action                     |  1- 3 |  4- 6 || total
---------------------------+-------+-------++-------
  Melee: Unarmed           |     2 |       ||     2
   Fire: Arbalest          |    31 |    71 ||   102
  Throw: Dart              |       |     2 ||     2
   Cast: Magic Dart        |    60 |    16 ||    76
         Stone Arrow       |       |     5 ||     5
 Armour: Robe              |    17 |    40 ||    57
  Dodge: Dodged            |    18 |    30 ||    48
